 Dungeon Crawl Stone Soup version 0.31-b1-17-gcfd88c8481 (webtiles) character file.

Game seed: 8620493331172533932

150328 Aldia the Unseen (level 17, -4/95 HPs)
             Began as a Vine Stalker Brigand on Jan 15, 2024.
             Was a High Priest of Uskayaw.
             Succumbed to Aizul's poison arrow
             ... on level 4 of the Swamp.
             The game lasted 00:58:44 (20675 turns).

Aldia the Unseen (Vine Stalker Brigand)            Turns: 20675, Time: 00:58:44

Health: -4/95      AC: 13    Str: 17    XL:     17   Next: 53%
Magic:  2/25       EV: 29    Int:  8    God:    Uskayaw [*****.]
Gold:   2300       SH:  9    Dex: 27    Spells: 6/18 levels left

rFire   . . .        y - +4 rapier (elec)
rCold   . . .        x - +3 buckler
rNeg    . . .        H - +0 toga "Victory" {*Victory Clar}
rPois   .            J - +2 helmet
rElec   .            s - +2 cloak
rCorr   .            Y - +2 pair of gloves
SInv    .            i - +1 pair of boots "Jiaju" {Will+++ Regen+ Str+2 Dex-2}
Will    +++++        m - amulet of faith
Stlth   +++++++      v - +5 ring of evasion
HPRegen 1.95/turn    d - ring "Xamnecoh" {Int-3 Dex+6 Slay+5}
MPRegen 0.19/turn

%: clarity, guardian spirit, faith
@: lethally poisoned (-4 -> -20)
A: fangs 3, regeneration 1, magic shield, antimagic bite, no potion heal 2, low
MP 1
a: Renounce Religion, Stomp, Line Pass, Grand Finale


You were on level 4 of the Swamp.
You worshipped Uskayaw.
Uskayaw was pleased with you.
You visited 5 branches of the dungeon, and saw 27 of its levels.
You also visited: Sewer and Gauntlet.

You collected 2571 gold pieces.
You spent 271 gold pieces at shops.

Inventory:

Hand Weapons
 y - a +4 rapier of electrocution (weapon)
Missiles
 e - 3 silver javelins
 l - 2 throwing nets
 Z - 4 curare-tipped darts (quivered)
Armour
 i - the +1 pair of boots "Jiaju" (worn) {Will+++ Regen+ Str+2 Dex-2}
   (You found it in a Gauntlet)

   Str+2:     It affects your strength (+2).
   Dex-2:     It affects your dexterity (-2).
   Will+++:   It greatly increases your willpower.
   Regen+:    It increases your rate of health regeneration.
 p - quicksilver dragon scales
 s - a +2 cloak (worn)
 x - a +3 buckler (worn)
 H - the +0 toga "Victory" (worn) {*Victory Clar}
   (You found it on level 2 of the Lair of Beasts)

   *Victory:  When the wearer kills a threatening monster, it has a chance to
   gain +1 AC, +1 Slay, and +1 Int, capping at +7.
   When the wearer uses a scroll or a potion with a hostile monster in sight,
   its bonuses reset to +0.
   Unequipping it also resets its bonuses to +0.
   Clar:      It protects you from confusion, rage, mesmerisation and fear.
 J - a +2 helmet (worn)
 Y - a +2 pair of gloves (worn)
Jewellery
 a - a ring of resist corrosion
 d - the ring "Xamnecoh" (right hand) {Int-3 Dex+6 Slay+5}
   (You acquired it on level 4 of the Lair of Beasts)

   [ring of dexterity]

   Int-3:     It affects your intelligence (-3).
   Dex+6:     It affects your dexterity (+6).
   Slay+5:    It affects your accuracy & damage with ranged weapons and melee
   (+5).
 m - an amulet of faith (around neck)
 v - a +5 ring of evasion (left hand)
 L - a ring of see invisible
 X - a ring of flight
Wands
 h - a wand of flame (32)
 r - a wand of digging (11)
 F - a wand of light (4)
 G - a wand of iceblast (17)
 K - a wand of paralysis (21)
 P - a wand of mindburst (33)
 Q - a wand of polymorph (4)
Scrolls
 b - 3 scrolls of silence
 n - 4 scrolls of fear
 o - 6 scrolls of teleportation
 w - 7 scrolls of poison
 B - 4 scrolls of fog
 C - a scroll of vulnerability
 D - 3 scrolls of noise
 I - a scroll of revelation
 O - 2 scrolls of identify
 R - 2 scrolls of blinking
 T - 2 scrolls of torment
 U - a scroll of butterflies
 V - a scroll of immolation
Potions
 c - 4 potions of enlightenment
 f - 5 potions of berserk rage
 g - 8 potions of attraction
 j - 5 potions of curing
 k - 5 potions of lignification
 q - 2 potions of resistance
 t - 2 potions of cancellation
 u - 6 potions of might
 z - a potion of invisibility
 A - 6 potions of brilliance
 E - 3 potions of haste
 M - a potion of magic
 N - 2 potions of mutation
 W - 4 potions of ambrosia
Miscellaneous
 S - a box of beasts


   Skills:
 + Level 13.3 Fighting
 * Level 10.6 Short Blades
 - Level 2.0 Throwing
 - Level 2.0 Armour
 + Level 12.1 Dodging
 - Level 16.3 Stealth
 - Level 3.0 Shields
 - Level 1.0 Spellcasting
 - Level 5.0 Translocations
 - Level 3.1 Air Magic
 + Level 13.6 Invocations
 - Level 8.6 Evocations


You had 6 spell levels left.
You knew the following spells:

 Your Spells              Type           Power      Damage    Failure   Level
a - Blink                 Tloc           16%        N/A       10%         2
b - Fugue of the Fallen   Necr           0%         N/A       83%         3
c - Swiftness             Air            5%         N/A       38%         3
d - Vhi's Electric Charg  Tloc/Air       12%        N/A       67%         4

Your spell library contained the following spells:

 Spells                   Type           Power      Damage    Failure   Level
 Lesser Beckoning         Tloc           16%        N/A       10%         2
 Shock                    Conj/Air       8%         1d3       26%         1
 Momentum Strike          Conj/Tloc      8%         3d8       26%         2
 Freeze                   Ice            0%         1d3       45%         1
 Summon Small Mammal      Summ           0%         N/A       45%         1
 Manifold Assault         Tloc           8%         N/A       54%         4
 Call Imp                 Summ           0%         N/A       58%         2
 Ensorcelled Hibernation  Hex/Ice        0%         N/A       58%         2
 Sublimation of Blood     Necr           0%         N/A       58%         2
 Mephitic Cloud           Conj/Alch/Air  2%         N/A       69%         3
 Airstrike                Air            2%         2d(1-17)  80%         4
 Call Canine Familiar     Summ           0%         N/A       83%         3
 Dazzling Flash           Conj/Hex       0%         N/A       83%         3
 Frozen Ramparts          Ice            0%         1d1       83%         3
 Hailstorm                Conj/Ice       0%         3d5       83%         3
 Ozocubu's Armour         Ice            0%         N/A       83%         3
 Summon Lightning Spire   Summ/Air       2%         N/A       95%         4
 Anguish                  Hex/Necr       0%         N/A       99%         4
 Animate Armour           Summ/Erth      0%         N/A       99%         4
 Summon Blazeheart Golem  Fire/Summ      0%         N/A       99%         4
 Arcjolt                  Conj/Air       1%         1d11      100%        5
 Curse of Agony           Necr           0%         N/A       100%        5
 Lee's Rapid Deconstruct  Erth           0%         3d4*      100%        5
 Silence                  Hex/Air        1%         N/A       100%        5
 Orb of Destruction       Conj           0%         9d5       100%        7
 Spellforged Servitor     Conj/Summ      0%         N/A       100%        7
 Summon Hydra             Summ           0%         N/A       100%        7
 Maxwell's Capacitive Co  Air            2%         ∞         100%        8


Dungeon Overview and Level Annotations

Branches:
Dungeon (15/15)            Temple (1/1) D:7            Lair (5/5) D:11
  Swamp (4/4) Lair:2        Snake (0/4) Lair:2        Slime (0/5) Lair:5
    Orc (2/2) D:12            Elf (0/3) Orc:2        Vaults (0/5) D:13
 Depths (0/4) D:15          Sewer (visited)         Gauntlet (visited)

Altars:
Ashenzari
Cheibriados
Dithmenos
Elyvilon
Fedhas
Gozag
Hepliaklqana
Kikubaaqudgha
Makhleb
Nemelex Xobeh
Okawaru
Qazlal
Ru
Sif Muna
Trog
Uskayaw
Vehumet
Wu Jian
Xom
Yredelemnul
Zin
The Shining One
Jiyva

Shops:
D:2 !   D:7 :   D:9 *   Orc:2 **=[

Portals:
Hell: Lair:5
Pandemonium: Orc:2

Annotations:
D:5 1 runed translucent door, dornbeast's ghost, weakling OnDe
D:10 1 runed translucent door, bnorton916's ghost, novice DECj
Lair:5 exclusion: oklob plant
Swamp:1 2 transporters, MysticSailboat's ghost, journeyman DrAE
Swamp:4 1 exclusion, Aizul


Innate Abilities, Weirdness & Mutations

You have razor-sharp teeth.
Your natural rate of healing is unusually fast.
When hurt, damage is shared between your health and your magic reserves.
Your bite disrupts and absorbs the magic of your enemies.
Potions cannot restore your health.
Your magical capacity is low. (-10% MP)


Message History

Blink to where?
Press: ? - help, Dir - move target
As you read the scroll of blinking, it crumbles to dust.
The +0 toga "Victory" stops glowing.
* * * LOW HITPOINT WARNING * * *
You feel extremely sick.
Unknown command.
Your system rejects the healing.
You feel better. The swamp drake breathes poison at you.
Uskayaw links your audience in an emotional bond!
You can no longer merge with and destroy a victim.
Aizul screams, "I'll haunt your nightmares!"
Press: ? - help, v - describe, . - travel
Here: Aizul (sharing her pain) Some shallow water.
Unknown command.
Aiming: Iceblast
Press: ? - help, Shift-Dir - straight line The mass of ice explodes!
The iceblast engulfs Aizul!!
Aizul is moderately wounded.
Unknown command.
Unknown command.
Aiming: Iceblast
Press: ? - help, Shift-Dir - straight line The mass of ice explodes!
The iceblast engulfs the eight-headed hydra!!
You kill the swamp drake!
The eight-headed hydra is severely wounded.
The iceblast engulfs Aizul!!
Aizul is heavily wounded.
Aizul coils herself and waves her upper body at you.
The poison arrow hits you!!
You are poisoned.
* * * LOW HITPOINT WARNING * * *
You can now merge with and destroy a victim.
Unknown command.
Blink to where?
Press: ? - help, Dir - move target
As you read the scroll of blinking, it crumbles to dust.
You die...

♣~...§~♣#***,,,**#♣~..~§.~~~~~~..
♣..~~~~~♣# *****#♣~~~~~~~~~~~~~~.
♣~.~~~~.D♣♣# #♣~~~~~~.~~~~.~~~.
♣.~~~§~S~.~♣♣##♣.~.~~§..~~~..~~~♣
♣.~~~†.~..~~~♣~..♣.~~..~~~~.♣~~~♣
♣~~~~..~.§.~~~~.♣♣♣..♣.~~~~.♣~~.~
~..♣..~♣~~....~.~~♣♣♣.§~~~~.♣~♣♣~
♣..♣♣♣♣...♣♣♣♣~~.♣~..~~~~~~.~~~~~
♣♣** ♣..♣♣ ♣..@...~<†§~~[.♣♣(~~
♣.~♣ ♣.~~.~♣♣♣.~~~~.♣♣.~~ ♣.♣♣
♣.~...♣~...~~~..~... ♣♣♣
♣♣~..§~~...~~~.♣♣♣♣♣
♣♣~......~~~~.♣♣♣♣♣
♣♣♣♣♣..~~..~~~~♣~<~~~
♣♣....~~~...~~~.~...♣~
♣~.~~~~~....~~.♣♣♣♣♣♣*
♣♣♣†~§~~~~....♣♣♣..♣ *


There were no monsters in sight!

Vanquished Creatures
  Bai Suzhen (Swamp:3)
  Nikola (Swamp:3)
  A tentacled monstrosity (Swamp:4)
  3 thorn hunters
  Kirke (D:15)
  A fenstrider witch (Swamp:4)
  Louise (Swamp:3)
  3 eleionomae
  Nessos (Lair:3)
  A dire elephant (Lair:5)
  A minotaur (Gauntlet)
  A shambling mangrove (Swamp:3)
  An entropy weaver (shapeshifter) (D:14)
  An entropy weaver (Gauntlet)
  Erolcha (Orc:1)
  Harold (D:11)
  8 hydras
  A rakshasa (D:15)
  A catoblepas (Lair:5)
  2 ghost crabs
  A vault guard (D:13)
  2 demonspawn (Orc:2)
  5 centaur warriors
  3 two-headed ogres
  2 alligators
  2 death knights (D:14)
  3 boulder beetles
  14 death yaks
  4 tengu warriors
  8 orc high priests
  A spriggan berserker (Swamp:2)
  2 occultists
  A deep elf knight (D:14)
  Sonja (Lair:1)
  2 skysharks
  2 sixfirhies
  4 skeletal warriors
  3 goliath frogs
  2 spriggan druids
  4 swamp dragons
  2 phantasmal warriors (D:14)
  A wolf spider zombie (D:15)
  A bog body (Swamp:3)
  3 deep elf pyromancers
  A necromancer (D:15)
  A deep elf zephyrmancer (D:15)
  7 orc knights
  6 orc sorcerers
  10 ugly things
  7 manticores
  19 elephants
  A will-o-the-wisp (Swamp:1)
  A moth of wrath (Gauntlet)
  3 cyclopes
  4 black mambas
  Maurice (Orc:1)
  A rust devil (Orc:2)
  A smoke demon (Lair:5)
  A gargoyle (D:14)
  3 orange demons (Lair:5)
  13 cane toads
  2 kobold demonologists (D:13)
  2 centaur skeletons (D:15)
  5 rime drakes
  4 tengu conjurers (D:15)
  6 freezing wraiths (D:14)
  5 ice devils
  8 komodo dragons
  4 efreet
  2 red devils
  2 bloated husks (Swamp:2)
  4 polar bears
  11 hornets
  10 trolls
  9 tyrant leeches
  A polar bear (shapeshifter) (D:14)
  10 blink frogs
  23 dream sheep
  A jumping spider (Gauntlet)
  A centaur simulacrum (D:15)
  9 wyverns
  4 slime creatures (D:14)
  A water elemental (D:15)
  11 spriggans
  2 shadows
  59 yaks
  4 wraiths
  Eustachio (D:4)
  5 hogs (D:15)
  4 basilisks
  A basilisk (shapeshifter) (D:14)
  A human (D:12)
  4 wargs
  A neqoxec (Orc:2)
  Grum (Lair:1)
  3 steam dragons
  A redback simulacrum (D:15)
  12 swamp worms
  3 acid dragons
  2 nagas (Lair:2)
  3 hell hounds (Lair:5)
  19 water moccasins
  5 swamp drakes
  36 orc warriors
  A sky beast (D:7)
  4 ice beasts
  2 black bears
  5 ogres
  A crocodile (Sewer)
  23 wolves
  6 laughing skulls
  3 boggarts (D:14)
  6 centaurs
  4 kobold brigands
  9 bullfrogs
  A brain worm (Sewer)
  A gnoll sergeant (D:8)
  7 scorpions
  3 wights (D:8)
  A killer bee (D:5)
  4 mutant beasts (D:11)
  4 howler monkeys
  A bombardier beetle (D:5)
  A jelly (D:5)
  33 orc priests
  A gnoll bouda (D:8)
  A sleepcap (D:5)
  5 hounds
  15 orc wizards
  7 iguanas
  Robin (D:2)
  10 gnolls
  5 adders
  A shadow imp (D:5)
  2 white imps
  3 ufetubi
  3 dart slugs
  68 orcs
  7 ball pythons
  7 endoplasms
  2 giant cockroaches
  12 hobgoblins
  35 kobolds
  3 quokkas
  14 bats
  6 frilled lizards
  8 goblins
  4 rats
827 creatures vanquished.

Vanquished Creatures (others)
  8 foxfires (Swamp:1)
8 creatures vanquished.

Grand Total: 835 creatures vanquished

Notes
Turn   | Place    | Note
-------+----------+-------------------------------------------
     0 | D:1      | Aldia the Vine Stalker Brigand began the quest for the Orb.
     0 | D:1      | Reached XP level 1. HP: 11/11 MP: 2/2
    75 | D:1      | Reached skill level 1 in Dodging
    75 | D:1      | Reached XP level 2. HP: 15/15 MP: 3/3
    82 | D:1      | Reached skill level 5 in Stealth
   489 | D:1      | Reached XP level 3. HP: 18/18 MP: 4/4
   780 | D:2      | Noticed Robin
   840 | D:2      | Found Wiethrar's Distillery.
   846 | D:2      | Bought a potion of curing for 33 gold pieces
   846 | D:2      | Bought a potion of lignification for 33 gold pieces
  1155 | D:2      | Reached XP level 4. HP: 23/23 MP: 5/5
  1194 | D:2      | Killed Robin
  1733 | D:3      | Reached XP level 5. HP: 23/27 MP: 4/6
  1990 | D:3      | Found a faded altar of an unknown god.
  1990 | D:3      | Noticed a red devil
  2170 | D:4      | Noticed Eustachio
  2247 | D:4      | Killed Eustachio
  2248 | D:4      | Reached skill level 6 in Stealth
  2248 | D:4      | Reached XP level 6. HP: 24/32 MP: 2/7
  2365 | D:2      | Bought a potion of might for 44 gold pieces
  2606 | D:4      | Reached XP level 7. HP: 36/36 MP: 8/8
  2733 | D:4      | Found a hazy altar of Hepliaklqana.
  2960 | D:5      | Entered Level 5 of the Dungeon
  2999 | D:5      | Found a runed translucent door.
  3113 | D:5      | Found an ancient bone altar of Kikubaaqudgha.
  3113 | D:5      | Found a broken altar of Ashenzari.
  3118 | D:5      | Found a shimmering altar of Xom.
  3120 | D:5      | Found a shimmering blue altar of Sif Muna.
  3121 | D:5      | Found an iron altar of Okawaru.
  3295 | D:5      | Reached skill level 5 in Short Blades
  3370 | D:5      | Found a glowing drain.
  3373 | Sewer    | Entered a sewer
  3427 | Sewer    | Gained mutation: You have razor-sharp teeth. [Vine Stalker
                  | growth]
  3427 | Sewer    | Reached XP level 8. HP: 42/42 MP: 9/9
  3823 | D:5      | Noticed dornbeast's ghost (weakling OnDe)
  4027 | D:6      | Reached skill level 5 in Fighting
  4197 | D:6      | Reached XP level 9. HP: 47/47 MP: 10/10
  4552 | D:7      | Found a staircase to the Ecumenical Temple.
  4575 | Temple   | Entered the Ecumenical Temple
  4599 | Temple   | Became a worshipper of Uskayaw the Reveller
  4627 | D:7      | Reached * piety under Uskayaw
  4649 | Temple   | Reached ** piety under Uskayaw
  4679 | D:7      | Reached skill level 1 in Invocations
  4696 | D:7      | Learned a level 2 spell: Blink
  4735 | D:7      | Reached skill level 1 in Armour
  4971 | D:7      | Found Ruunejid's Tiny Tomes.
  5143 | D:8      | Reached *** piety under Uskayaw
  5276 | D:8      | Identified the ring "Legurarch" {*Corrode MP+9 Dex+5}
  5347 | D:8      | Reached **** piety under Uskayaw
  5356 | D:8      | Reached skill level 1 in Shields
  5756 | D:8      | Reached XP level 10. HP: 51/53 MP: 13/13
  5986 | D:9      | Reached ***** piety under Uskayaw
  5987 | D:9      | Reached skill level 5 in Dodging
  6062 | D:9      | Found Fajiz's Assorted Antiques.
  6069 | D:9      | Bought a fuming orange potion for 20 gold pieces
  6069 | D:9      | Bought a scroll labelled HAVAIC RUIGOIT for 23 gold pieces
  6069 | D:9      | Bought a yellow potion for 20 gold pieces
  6638 | D:10     | Entered Level 10 of the Dungeon
  6650 | D:10     | Found a runed translucent door.
  6651 | D:10     | Noticed bnorton916's ghost (novice DECj)
  7018 | D:10     | Reached skill level 10 in Short Blades
  7256 | D:11     | Noticed a juvenile oxsting beast
  7282 | D:11     | Killed a juvenile oxsting beast
  7458 | D:11     | Noticed a two-headed ogre
  7484 | D:11     | Reached skill level 5 in Invocations
  7495 | D:11     | Found a staircase to the Lair.
  7495 | D:11     | Noticed a cyclops
  7506 | D:11     | Reached XP level 11. HP: 50/58 MP: 11/15
  7512 | D:11     | Reached skill level 1 in Evocations
  7520 | D:11     | Noticed a two-headed ogre
  7524 | D:11     | Killed a two-headed ogre
  7525 | D:11     | Reached skill level 7 in Stealth
  7533 | D:11     | Reached ****** piety under Uskayaw
  7541 | D:11     | Killed a two-headed ogre
  7552 | D:11     | Killed a cyclops
  7935 | D:11     | Noticed Harold
  7957 | D:11     | Killed Harold
  7958 | D:11     | Reached skill level 8 in Stealth
  8063 | Lair:1   | Entered Level 1 of the Lair of Beasts
  8213 | Lair:1   | Reached XP level 12. HP: 54/64 MP: 14/18
  8349 | Lair:1   | Noticed Sonja
  8359 | Lair:1   | Killed Sonja
  8375 | Lair:1   | Reached skill level 9 in Stealth
  8535 | Lair:1   | Noticed Grum
  8560 | Lair:1   | Killed Grum
  9075 | Lair:2   | Noticed a skyshark
  9080 | Lair:2   | Killed a skyshark
  9108 | Lair:2   | Noticed a death yak
  9110 | Lair:2   | Noticed a death yak
  9110 | Lair:2   | Noticed a death yak
  9110 | Lair:2   | Noticed a death yak
  9110 | Lair:2   | Noticed a death yak
  9121 | Lair:2   | Killed a death yak
  9122 | Lair:2   | Reached skill level 5 in Evocations
  9122 | Lair:2   | Killed a death yak
  9122 | Lair:2   | Killed a death yak
  9123 | Lair:2   | Reached skill level 10 in Stealth
  9125 | Lair:2   | Killed a death yak
  9155 | Lair:2   | Found the +0 toga "Victory" {*Victory Clar}
  9160 | Lair:2   | Killed a death yak
  9298 | Lair:2   | Found a staircase to the Swamp.
  9553 | Lair:2   | Found a staircase to the Snake Pit.
  9962 | Lair:2   | Reached XP level 13. HP: 53/70 MP: 16/20
 10229 | Lair:3   | Noticed Nessos
 10290 | Lair:3   | Found a gate leading to a gauntlet.
 10326 | Lair:3   | Reached skill level 11 in Stealth
 10339 | Gauntlet | Entered a Gauntlet
 10339 | Gauntlet | Found a transporter.
 10339 | Gauntlet | Found a transporter.
 10343 | Gauntlet | Found a transporter.
 10343 | Gauntlet | Found a transporter.
 10354 | Gauntlet | Found a transporter.
 10366 | Gauntlet | Found a transporter.
 10366 | Gauntlet | Found the macabre finger necklace {Finger+ rN+}
 10369 | Gauntlet | Noticed a blizzard demon
 10371 | Gauntlet | Found a transporter.
 10371 | Gauntlet | Found a transporter.
 10375 | Gauntlet | Found a transporter.
 10379 | Gauntlet | Noticed an entropy weaver
 10402 | Gauntlet | Found a transporter.
 10409 | Gauntlet | Found a transporter.
 10449 | Gauntlet | Found a transporter.
 10464 | Gauntlet | Found a transporter.
 10482 | Gauntlet | Found a transporter.
 10492 | Gauntlet | Noticed a cacodemon
 10583 | Gauntlet | Found a transporter.
 10593 | Gauntlet | Noticed a blizzard demon
 10599 | Gauntlet | Found a transporter.
 10792 | Gauntlet | Killed an entropy weaver
 10798 | Gauntlet | Identified the +1 pair of boots "Jiaju" {Will+++ Regen+
                  | Str+2 Dex-2}
 10868 | Gauntlet | Noticed a minotaur
 10872 | Gauntlet | Killed a minotaur
 11346 | Lair:3   | Learned a level 3 spell: Fugue of the Fallen
 11460 | Lair:3   | Killed Nessos
 11461 | Lair:3   | Reached skill level 12 in Stealth
 11727 | Lair:4   | Reached skill level 1 in Translocations
 11733 | Lair:4   | Identified a scroll of acquirement
 11734 | Lair:4   | Acquired the ring "Xamnecoh" {Int-3 Dex+6 Slay+5}
 11844 | Lair:4   | Reached skill level 10 in Fighting
 12109 | Lair:4   | Reached XP level 14. HP: 77/77 MP: 22/22
 12305 | Lair:5   | Entered Level 5 of the Lair of Beasts
 12351 | Lair:5   | Reached skill level 10 in Invocations
 12512 | Lair:5   | Reached skill level 13 in Stealth
 12566 | Lair:5   | Reached skill level 1 in Spellcasting
 12985 | Lair:5   | Reached skill level 5 in Translocations
 13088 | Lair:5   | Reached skill level 10 in Dodging
 13148 | Lair:5   | Found a viscous altar of Jiyva.
 13149 | Lair:5   | Found a staircase to the Slime Pits.
 13275 | Lair:5   | Noticed a dire elephant
 13284 | Lair:5   | Killed a dire elephant
 13309 | Lair:5   | Reached skill level 14 in Stealth
 13330 | Lair:5   | Found a burning altar of Makhleb.
 13337 | Lair:5   | Reached XP level 15. HP: 55/82 MP: 16/24
 13348 | Lair:5   | Found a gateway to Hell.
 13602 | D:12     | Found a staircase to the Orcish Mines.
 14211 | Orc:1    | Entered Level 1 of the Orcish Mines
 14240 | Orc:1    | Noticed Maurice
 14246 | Orc:1    | Killed Maurice
 14537 | Orc:2    | Entered Level 2 of the Orcish Mines
 14603 | Orc:1    | Noticed Erolcha
 14620 | Orc:1    | Killed Erolcha
 15136 | Orc:2    | Found a staircase to the Elven Halls.
 15451 | Orc:2    | Found Goshahut's General Store.
 15451 | Orc:2    | Gained mutation: Your magical capacity is low. (-10% MP) [a
                  | neqoxec]
 15454 | Orc:2    | Found Feukem's General Store.
 15526 | Orc:2    | Reached skill level 15 in Stealth
 15552 | Orc:2    | Bought a scroll of fear for 56 gold pieces
 15552 | Orc:2    | Bought a potion of curing for 42 gold pieces
 15616 | Orc:2    | Found Acki's Jewellery Emporium.
 15616 | Orc:2    | Found a one-way gate leading to the halls of Pandemonium.
 15616 | Orc:2    | Found Ecoch's Antique Armour Shoppe.
 16215 | D:13     | Found a gate to the Vaults.
 16931 | D:14     | Identified the +1 scale mail of the Known World {rC++
                  | Slay-6}
 16934 | D:14     | Reached XP level 16. HP: 88/88 MP: 23/23
 17050 | D:14     | Identified the staff "Ceifuoxor" {rElec rF+ rC+ Air}
 17051 | D:14     | Identified the staff "Uleurch Zinu" {rC+ Dex+2 Ice}
 17218 | D:14     | Found a basalt altar of Yredelemnul.
 17845 | D:15     | Entered Level 15 of the Dungeon
 17872 | D:15     | Reached skill level 16 in Stealth
 18030 | D:15     | Found a staircase to the Depths.
 18129 | D:15     | Noticed Kirke
 18149 | D:15     | Killed Kirke
 18716 | Swamp:1  | Entered Level 1 of the Swamp
 18846 | Lair:2   | Learned a level 3 spell: Swiftness
 18851 | Lair:2   | Learned a level 4 spell: Vhi's Electric Charge
 18911 | Swamp:1  | Found a transporter.
 18917 | Swamp:1  | Found a transporter.
 18929 | Swamp:1  | Noticed MysticSailboat's ghost (journeyman DrAE)
 18943 | Swamp:1  | Found a bloodstained altar of Trog.
 18946 | Swamp:1  | Identified the ring of Poreev {rC+ rN+ Int+6}
 18983 | Swamp:1  | Reached skill level 1 in Air Magic
 19207 | Swamp:2  | Identified the staff "Buetin" {Will+ Dex+3 Fire Earth}
 19302 | Swamp:2  | You fall into a shaft and drop 1 floor!
 19367 | Swamp:2  | Reached XP level 17. HP: 57/94 MP: 18/25
 19669 | Swamp:3  | Noticed Louise
 19676 | Swamp:3  | Killed Louise
 20051 | Swamp:3  | Noticed Nikola
 20059 | Swamp:3  | Killed Nikola
 20085 | Swamp:3  | Noticed Bai Suzhen
 20096 | Swamp:3  | Killed Bai Suzhen
 20327 | Swamp:4  | Entered Level 4 of the Swamp
 20574 | Swamp:4  | Noticed a tentacled monstrosity
 20588 | Swamp:4  | Killed a tentacled monstrosity
 20665 | Swamp:4  | Identified the serpent talisman of the Watchman {+Blink
                  | rCorr Dex-4 Stlth+}
 20665 | Swamp:4  | Noticed Aizul
 20674 | Swamp:4  | HP: 2/95 [Aizul/poison arrow (21)]
 20675 | Swamp:4  | Succumbed to Aizul's poison arrow

Illustrated notes

Levels and vault maps discovered:
D:1:      ncdulo_watergridlock, layout_basic
D:2:      minmay_evil_eye, layout_loops_ring, serial_shops, shop, uniq_robin
D:3:      cheibrodos_helix_gallery, layout_rooms,
          dreamdust_ecumenical_altar_sealed_demon
D:4:      layout_cave_pools, worldfamousw_hep_ancestral_shrine, uniq_eustachio
D:5:      minmay_angry_zag, layout_cave_pools,
          chequers_temple_overflow_minitemple,
          mainiacjoe_sewer_entry_somewhere_in_here_1, ebering_ghost_sewer_d
D:6:      layout_loops_cross
D:7:      layout_rooms, minmay_temple_entry_slanted, eino_curves_02,
          nicolae_shop_i_like_small_books_too, columned_hall_lemuel
D:8:      layout_loops_ring
D:9:      layout_basic, serial_shops, shop, minmay_statues_item,
          grunt_decor_arrowhead
D:10:     layout_loops_cross, hellmonk_ghost_big_iron
D:11:     layout_irregular_city, minmay_lair_entry_grove, glass_columns_a,
          nicolae_beast_mode, uniq_harold
D:12:     layout_irregular_city, erik_orc_4
D:13:     layout_layer_cave, david_vaults_5
D:14:     minmay_concentric_multi, layout_basic, yredelemnul_altar_generic,
          lightli_minifort
D:15:     grunt_enter_depths_magical_seal, layout_small_grid, serial_ice,
          serial_ice_g, serial_ice_n, serial_ice_c, serial_ice_j, serial_ice_a,
          serial_ice_o, nrook_campfire, uniq_kirke
Temple:   nicolae_temple_elliptical
Lair:1:   layout_long_grid, beast_lair_carwin_4, uniq_grum, uniq_sonja
Lair:2:   layout_regular_city, minmay_swamp_entry_worms,
          guppyfry_snake_entry_island, wad_woods_03
Lair:3:   layout_regular_city, gauntlet_entry_generic, uniq_nessos
Lair:4:   layout_regular_city, lemuel_old_faithful
Lair:5:   evil_forest, layout_big_grid, minmay_slime_entry_oklob_enclosed,
          minivault_11, grunt_megastairs_1
Swamp:1:  layout_falls_marsh, gammafunk_ghost_wrathful_warriors,
          evilmike_swamp_ruin_house_4
Swamp:2:  tekkud_swamp_unearthing_site, layout_falls_marsh,
          evilmike_swamp_ruin_house_1, nicolae_swamp_fairy_circle,
          swamp_pool_1_2
Swamp:3:  layout_basic_swamp, evilmike_swamp_ruin_house_2, uniq_nikola,
          uniq_louise, uniq_bai_suzhen
Swamp:4:  swamp, layout_basic_swamp, portal_ice_cave_entry_pillars_four,
          uniq_aizul
Orc:1:    layout_caves, uniq_maurice, uniq_erolcha
Orc:2:    pf_orc_diabolical, layout_diamond_mine

Skill      XL: |  1  2  3  4  5  6  7  8  9 10 11 12 13 14 15 16 17 |
---------------+----------------------------------------------------+-----
Short Blades   | 2 3 4 5 7 8 10 | 10.6
Dodging        | 1 2 3 4 5 6 7 9 10 11 12 | 12.1
Stealth        | 5 6 8 10 12 14 15 16 | 16.3
Fighting       | 2 3 4 5 6 7 8 10 11 12 13 | 13.3
Throwing       | 2 |  2.0
Invocations    | 2 5 6 8 9 11 12 13 | 13.6
Armour         | 2 |  2.0
Shields        | 1 3 |  3.0
Evocations     | 3 5 6 8 |  8.6
Translocations | 2 5 |  5.0
Spellcasting   | 1 |  1.0
Air Magic      | 1 3 |  3.1

Action                     |  1- 3 |  4- 6 |  7- 9 | 10-12 | 13-15 | 16-18 || total
---------------------------+-------+-------+-------+-------+-------+-------++-------
  Melee: Dagger            |    87 |   129 |   354 |   619 |   802 |   369 ||  2360
         Bite              |    19 |    32 |   122 |   256 |   368 |   191 ||   988
         Punch             |     2 |       |     6 |       |       |       ||     8
         Rapier            |       |       |       |       |       |    88 ||    88
  Throw: Dart              |    22 |    17 |    11 |     2 |       |       ||    52
 Invoke: Grand Finale      |       |       |       |     2 |     5 |       ||     7
  Evoke: Wand              |       |       |     2 |     2 |     1 |     2 ||     7
         Box of beasts     |       |       |       |       |     1 |       ||     1
    Use: Scroll            |       |     2 |     7 |     9 |    13 |     6 ||    37
         Potion            |       |       |       |     2 |     1 |     1 ||     4
   Stab: Sleeping          |     5 |     5 |    10 |    11 |    34 |    31 ||    96
         Distracted        |       |     2 |       |     2 |     2 |     6 ||    12
         Paralysed         |       |       |     6 |    29 |    80 |    43 ||   158
         Invisible         |       |       |       |     4 |       |       ||     4
         Petrifying        |       |       |       |       |     1 |       ||     1
         Petrified         |       |       |       |       |     1 |       ||     1
 Armour: Robe              |    42 |    67 |     1 |    12 |   148 |   144 ||   414
         Quicksilver drago |       |       |   145 |   185 |       |       ||   330
  Dodge: Dodged            |    32 |    72 |   236 |   355 |   357 |   264 ||  1316
  Block: Buckler           |       |       |       |   115 |   174 |   115 ||   404
